 Dungeon Crawl Stone Soup version 0.30.1 (webtiles) character file.

Game seed: 17826670160009470631

335 Peloso the Slasher (level 6, -1/82 HPs)
             Began as a Minotaur Fighter on July 8, 2023.
             Succumbed to a water moccasin's poison
             ... on level 5 of the Dungeon.
             The game lasted 00:05:27 (3674 turns).

Peloso the Slasher (Minotaur Fighter)               Turns: 3674, Time: 00:05:28

Health: -1/82      AC: 12    Str: 17 (18) XL:     6   Next: 28%
Magic:  5/5        EV:  5    Int:  5      God:
Gold:   203        SH:  5    Dex: 12      Spells: 5/5 levels left

rFire   + . .        a - +0 long sword
rCold   + . .        d - +0 buckler
rNeg    . . .        c - +0 plate armour
rPois   +            (helmet restricted)
rElec   +            (no cloak)
rCorr   +            (no gloves)
SInv    +            (no boots)
Will    .....        (no amulet) Stlth
                     e - ring of see invisible
HPRegen 0.33/turn    (no ring)
MPRegen 0.09/turn

%: no passive effects
@: berserking, lethally poisoned (-1 -> -9), resistant, very quick
A: horns 2, retaliatory headbutt, weak 1
a: no special abilities


You were on level 5 of the Dungeon.
You visited 1 branch of the dungeon, and saw 5 of its levels.

You collected 203 gold pieces.

Inventory:

Hand Weapons
 a - a +0 long sword (weapon)
Armour
 b - a +0 scale mail
 c - a +0 plate armour (worn)
 d - a +0 buckler (worn)
 n - +0 swamp dragon scales
Jewellery
 e - a ring of see invisible (left hand)
 k - a +6 ring of intelligence
Scrolls
 g - a scroll of blinking {unknown}
 h - 3 scrolls of teleportation
 l - 2 scrolls of identify {unknown}
Potions
 i - a potion of might


   Skills:
 + Level 4.8 Fighting
 + Level 5.6 Long Blades
 + Level 5.2 Armour
 + Level 0.6 Dodging
 + Level 0.1 Stealth
 + Level 4.4 Shields


You had 5 spell levels left.
You didn't know any spells.
Your spell library contained the following spells:

 Spells                   Type           Power      Damage    Failure   Level
 Shock                    Conj/Air       0%         1d3       100%        1
 Ensorcelled Hibernation  Hex/Ice        0%         N/A       100%        2
 Spider Form              Tmut/Pois      0%         N/A       100%        3
 Swiftness                Air            0%         N/A       100%        3
 Airstrike                Air            0%         2d(0-16)  100%        4
 Anguish                  Hex/Necr       0%         N/A       100%        4


Dungeon Overview and Level Annotations

Branches:
Dungeon (5/15)
 Temple: D:4-7

Altars:
Kikubaaqudgha
Sif Muna
Wu Jian
The Shining One

Shops:
D:3 ?


Innate Abilities, Weirdness & Mutations

You have a pair of horns on your head.
You reflexively headbutt those who attack you in melee.
You are weak. (Str -2)


Message History

You block the water moccasin's attack.
You miss the water moccasin.
The water moccasin is severely wounded.
You feel very sick. The water moccasin bites you.
* * * LOW HITPOINT WARNING * * *
The water moccasin bites you.
* * * LOW HITPOINT WARNING * * *
You are lethally poisoned!
The water moccasin poisons you!
It was a potion of mutation.
You feel extremely strange.
You feel weaker.
* * * LOW HITPOINT WARNING * * *
You feel very sick. You block the water moccasin's attack.
Okay, then.
Okay, then.
It was a potion of resistance.
You feel protected.
* * * LOW HITPOINT WARNING * * *
You feel very sick.
The water moccasin bites you but does no damage.
You block the water moccasin's attack.
It was a potion of berserk rage.
A red film seems to cover your vision as you go berserk!
You feel yourself moving faster!
You feel mighty!
* * * LOW HITPOINT WARNING * * *
You feel very sick. The water moccasin bites you.
* * * LOW HITPOINT WARNING * * *
You barely miss the water moccasin.
Your headbutt misses the water moccasin.
The water moccasin is severely wounded.
* * * LOW HITPOINT WARNING * * *
You feel sick.
The water moccasin bites you but does no damage.
Unknown command.
You slash the water moccasin!
You kill the water moccasin!
You die...

###.###
##..!..##
###.......##
##..........#
##...........#
#............#
#..#...........#
#....<..@†...#
##..........##
##........##
#.[.....##
##..##### ##.#
##. #


There were no monsters in sight!

Vanquished Creatures
  A water moccasin (D:5)
  An ogre (D:4)
  A jelly (D:4)
  A hound (D:4)
  Jessica (D:2)
  Natasha (D:2)
  3 gnolls (D:3)
  3 adders
  A worm (D:4)
  3 dart slugs
  An orc (D:3)
  5 bats
  7 endoplasms
  7 giant cockroaches
  7 goblins
  4 hobgoblins
  4 jackals (D:1)
  3 quokkas
  3 ball pythons
  6 frilled lizards
  9 kobolds
  A rat (D:2)
73 creatures vanquished.

Notes
Turn   | Place    | Note
-------+----------+-------------------------------------------
     0 | D:1      | Peloso the Minotaur Fighter began the quest for the Orb.
     0 | D:1      | Reached XP level 1. HP: 19/19 MP: 0/0
   126 | D:1      | Reached XP level 2. HP: 27/27 MP: 1/1
   476 | D:2      | Reached XP level 3. HP: 16/33 MP: 2/2
  1003 | D:2      | Noticed Natasha
  1010 | D:2      | Killed Natasha
  1011 | D:2      | Reached XP level 4. HP: 15/41 MP: 3/3
  1145 | D:2      | Noticed Jessica
  1147 | D:2      | Killed Jessica
  1659 | D:3      | Found an ornate altar of the Wu Jian Council.
  1970 | D:3      | Found a glowing golden altar of the Shining One.
  2088 | D:3      | Reached XP level 5. HP: 29/47 MP: 4/4
  2629 | D:3      | Found Juefug's Magic Scroll Shoppe.
  2690 | D:3      | Found an ancient bone altar of Kikubaaqudgha.
  2786 | D:4      | Reached skill level 5 in Long Blades
  3185 | D:4      | Noticed an ogre
  3190 | D:4      | Killed an ogre
  3191 | D:4      | Reached skill level 5 in Armour
  3191 | D:4      | Reached XP level 6. HP: 42/55 MP: 5/5
  3322 | D:4      | Found a shimmering blue altar of Sif Muna.
  3657 | D:5      | Entered Level 5 of the Dungeon
  3657 | D:5      | Noticed a water moccasin
  3670 | D:5      | Gained mutation: You are weak. (Str -2) [potion of
                  | mutation]
  3672 | D:5      | HP: 3/82 [water moccasin (2)]
  3673 | D:5      | HP: 1/82 [poisoned by a water moccasin]
  3674 | D:5      | Killed a water moccasin
  3674 | D:5      | Succumbed to a water moccasin's poison

Illustrated notes

Levels and vault maps discovered:
D:1:      dpeg_arrival_refuge, layout_rooms, hex_large
D:2:      layout_loops_corners, uniq_natasha, uniq_jessica
D:3:      layout_basic, mainiacjoe_overflow_24_doors,
          mainiacjoe_overflow_alcove_4, tso_oasis_becter, serial_shops, shop
D:4:      layout_basic, old_standard_altar, grunt_decor_fettered,
          grunt_ministairs_3, minmay_goblin_kobold_house
D:5:      layout_cave_pods, mainiacjoe_overflow_six_doors_small, serial_shops,
          nicolae_shop_trees

Skill      XL: |  1  2  3  4  5 |
---------------+----------------+-----
Shields        | 4 |  4.4
Armour         | 4 5 |  5.2
Fighting       | 4 |  4.8
Long Blades    | 3 4 5 |  5.6
Dodging        | |  0.6
Stealth        | |  0.1

Action                     |  1- 3 |  4- 6 || total
---------------------------+-------+-------++-------
  Melee: Long sword        |    70 |   101 ||   171
         Headbutt          |    10 |    19 ||    29
    Use: Potion            |       |     8 ||     8
         Scroll            |       |     2 ||     2
 Armour: Scale mail        |    27 |    16 ||    43
         Plate armour      |       |    36 ||    36
  Dodge: Dodged            |    26 |    36 ||    62
  Block: Buckler           |    15 |    33 ||    48
